 Dungeon Crawl Stone Soup version bcrawl-1.40.2 (webtiles) character file.

Game seed: 8326351228458812936

20898763 Artagas the Slayer (level 25, 238/238 HPs)
             Began as a Ghoul Abyssal Knight on Nov 7, 2023.
             Was the Champion of Lugonu.
             Escaped with the Orb
             ... and 3 runes on Nov 8, 2023!
             The game lasted 02:38:19 (46217 turns).

Artagas the Slayer (Ghoul Abyssal Knight)          Turns: 46217, Time: 02:38:20

Health: 238/238    AC: 48    Str: 39    XL:     25   Next: 71%
Magic:  37/37      EV:  7    Int: 10    God:    Lugonu [******]
Gold:   2605       SH: 38    Dex: 13    Spells: 24/24 levels left

rFire    + . .     GDR:     37%   - Fists (59.2)
rCold    + . .     SeeInvis .   i - +8 large shield
rNeg     + . .     Gourm    .   u - +9 scales of the Dragon King {rPois rF+ rC+ MR+}
rPois    +         Faith    .   Q - +1 helmet of Past Mistakes {MR++ Regen+ Str+3 Stlth-}
rElec    +         Spirit   .   H - +2 cloak of Zanemek {rElec Int+4}
rCorr    .         Reflect  +   E - +1 pair of gauntlets of War {Slay+6}
MR       ++++.                  Z - +2 pair of boots {run}
Stlth    ..........             T - +6 amulet of reflection
HPRegen  1.29/turn              o - ring "Kiecrana" {MP+9 Str+6}
MPRegen  0.25/turn              p - +6 ring of protection

@: very quick
A: claws 1, hooves 1, carnivore, deterioration 1, dopey 1, speed 1, low mp 1,
negative energy resistance 1, poison resistance, regeneration 1, partial torment
resistance, strong legs 1
0: Orb of Zot
}: 3/15 runes: decaying, barnacled, abyssal
a: Hop, Depart the Abyss, Bend Space, Banish, Corrupt, Enter the Abyss, Renounce
Religion


You escaped.
You worshipped Lugonu.
Lugonu was exalted by your worship.
You were not hungry.

You visited 8 branches of the dungeon, and saw 37 of its levels.
You visited the Abyss 4 times.
You visited 2 bazaars.
You also visited: Trove, Gauntlet and Ice Cave.

You collected 8884 gold pieces.
You spent 6279 gold pieces at shops.

Inventory:

Missiles
 a - 535 exploding tomahawks
 m - 315 steel javelins (quivered)
 A - 1513 javelins
 C - 9 throwing nets {=f}
 Y - 775 poisoned tomahawks
Armour
 i - a +8 large shield (worn)
   (You took it off Louise on level 2 of the Swamp)
 r - the +10 crystal plate armour of Poanweg {rN+ Stlth+}
   (Lugonu gifted it to you on level 2 of the Swamp)

   It protects you from negative energy.
   It makes you more stealthy.
 u - the +9 scales of the Dragon King (worn) {rPois rF+ rC+ MR+}
   (You found it on level 3 of the Shoals)

   It protects you from fire.
   It protects you from cold.
   It protects you from poison.
   It affects your resistance to hostile enchantments.
 E - the +1 pair of gauntlets of War (worn) {Slay+6}
   (Lugonu gifted it to you on level 12 of the Dungeon)

   It affects your accuracy and damage with ranged weapons and melee attacks
   (+6).
 H - the +2 cloak of Zanemek (worn) {rElec Int+4}
   (You found it in a Gauntlet)

   It affects your intelligence (+4).
   It insulates you from electricity.
 Q - the +1 helmet of Past Mistakes (worn) {MR++ Regen+ Str+3 Stlth-}
   (You bought it in a shop on level 5 of the Dungeon)

   It affects your strength (+3).
   It affects your resistance to hostile enchantments.
   It increases your rate of regeneration.
   It makes you less stealthy.
 R - the scarf of Akhibb {+Inv, rC+ rN+}
   (You found it on level 10 of the Dungeon)

   It protects you from cold.
   It protects you from negative energy.
 Z - a +2 pair of boots of running (worn)
   (Lugonu gifted it to you on level 1 of the Shoals)
Jewellery
 c - the ring of the Blue Skies {+Inv rPois rN+ Dex-2 Stlth--}
   (You bought it in a shop in a bazaar)

   [ring of attention]

   It affects your dexterity (-2).
   It protects you from poison.
   It protects you from negative energy.
   It lets you turn invisible.
   It makes you much less stealthy.
 f - an uncursed ring of protection from fire
   (You found it on level 1 of the Depths)
 k - an uncursed ring of resist corrosion
   (You found it on level 1 of the Lair of Beasts)
 o - the ring "Kiecrana" (left hand) {MP+9 Str+6}
   (You found it on level 3 of the Shoals)

   [ring of magical power]

   It affects your strength (+6).
   It affects your magic capacity (+9).
 p - a +6 ring of protection (right hand)
   (You acquired it on level 3 of the Swamp)
 K - the ring "Qayrph" {rC+ SInv}
   (You found it on level 3 of the Shoals)

   [ring of protection from cold]

   It protects you from cold.
   It lets you see invisible.
 T - a +6 amulet of reflection (around neck)
   (You bought it in a shop on level 5 of the Dungeon)
Wands
 b - a wand of scattershot (2)
   (You found it on level 11 of the Dungeon)
 v - a wand of digging (58)
   (You bought it in a shop in a bazaar)
 x - a wand of clouds (8)
   (You bought it in a shop in a bazaar)
 M - a wand of paralysis (37)
   (You bought it in a shop in a bazaar)
 N - a wand of iceblast (78)
   (You bought it in a shop in a bazaar)
 O - a wand of acid (24)
   (You bought it in a shop on level 4 of the Dungeon)
 P - a wand of charming (23)
   (You found it on level 1 of the Lair of Beasts)
Scrolls
 g - 10 scrolls of immolation
 t - 3 scrolls of fear
 z - 6 scrolls of blinking
 B - 11 scrolls of teleportation
 D - a scroll of summoning
 F - 2 scrolls of silence
 G - 3 scrolls of fog
Potions
 d - 5 potions of might
 h - 7 potions of haste
 l - 4 potions of mutation
 n - 2 potions of resistance
 q - 23 potions of curing
 s - 11 potions of agility
 w - 6 potions of heal wounds
 I - 3 potions of lignification
 S - 4 potions of flight
 V - a potion of invisibility
 X - 4 potions of cancellation
Miscellaneous
 y - a phantom mirror
 J - 3 boxes of beasts
 L - a lamp of fire
   (You found it on level 5 of the Depths)
 U - a phial of floods
   (You found it on level 4 of the Lair of Beasts)
 W - a sack of spiders
   (You found it in a Gauntlet)
Comestibles
 e - 47 rations {!d}


   Skills:
 - Level 22.0 Fighting
 - Level 16.0 Throwing
 - Level 16.0 Armour
 - Level 10.0 Dodging
 + Level 15.9 Shields
 - Level 21.0 Unarmed Combat
 - Level 10.0 Invocations
 - Level 11.0 Evocations


You had 24 spell levels left.
You didn't know any spells.
Your spell library contained the following spells:

 Spells                   Type           Power        Failure   Level  Hunger
 Blink Other              Tloc           #.....       100%        1    None
 Flame Tongue             Conj/Fire      #....        100%        1    None
 Freeze                   Ice            #.....       100%        1    None
 Sandblast                Erth           #.....       100%        1    None
 Summon Small Mammal      Summ           #...         100%        1    None
 Call Imp                 Summ           #.....       100%        2    ####...
 Corpse Rot               Necr           N/A          100%        2    ####...
 Ensorcelled Hibernation  Hex/Ice        #.....       100%        2    ####...
 Passwall                 Tmut/Erth      #.......     100%        2    ####...
 Poisonous Vapours        Pois/Air       #.....       100%        2    ####...
 Throw Frost              Conj/Ice       #.....       100%        2    ####...
 Beckoning                Tloc           #.........   100%        3    #####..
 Call Canine Familiar     Summ           #.......     100%        3    #####..
 Conjure Flame            Conj/Fire      #.......     100%        3    #####..
 Ignite Poison            Fire/Tmut/Pois #.......     100%        3    #####..
 Mephitic Cloud           Conj/Pois/Air  #.......     100%        3    #####..
 Stone Arrow              Conj/Erth      #.....       100%        3    #####..
 Teleport Other           Tloc           #.......     100%        3    #####..
 Agony                    Necr           #.......     100%        4    ######.
 Fulminant Prism          Conj/Hex       #.........   100%        4    ######.
 Petrify                  Tmut/Erth      #.........   100%        4    ######.
 Sticky Flame             Conj/Fire      #.......     100%        4    ######.
 Summon Ice Beast         Ice/Summ       #.......     100%        4    ######.
 Tree Form                Hex/Tmut       N/A          100%        4    ######.
 Bolt of Draining         Conj/Necr      #.........   100%        5    #######
 Freezing Cloud           Ice/Air        #.......     100%        5    #######
 Lee's Rapid Deconstruct  Erth           #.........   100%        5    #######
 Metabolic Englaciation   Hex/Ice        #.........   100%        5    #######
 Steam Barrier            Chrm/Fire      #.........   100%        5    #######
 Summon Forest            Summ/Tloc      #.........   100%        5    #######
 Summon Lightning Spire   Summ/Air       #.......     100%        5    #######
 Summon Mana Viper        Hex/Summ       #.......     100%        5    #######
 Bolt of Cold             Conj/Ice       #.........   100%        6    #######
 Borgnjor's Vile Clutch   Necr/Erth      #.........   100%        6    #######
 Conjure Ball Lightning   Conj/Air       #.........   100%        6    #######
 Darkness                 Hex            #.........   100%        6    #######
 Infestation              Hex/Tmut/Pois  #........    100%        6    #######
 Ozocubu's Refrigeration  Ice            #.........   100%        6    #######
 Poison Arrow             Conj/Pois      #.........   100%        6    #######
 Simulacrum               Ice/Necr       #.......     100%        6    #######
 Summon Hydra             Summ           #.........   100%        6    #######
 Virulence                Hex/Pois       #.......     100%        6    #######
 Icicle Burst             Conj/Ice       #.........   100%        7    #######
 Orb of Destruction       Conj           #.........   100%        7    #######
 Shadow Creatures         Summ           N/A          100%        7    #######
 Spellforged Servitor     Conj/Summ      #.........   100%        7    #######
 Summon Fire Elementals   Fire/Summ      #........    100%        7    #######
 Ignition                 Hex/Fire       #.........   100%        8    #######
 Time Stop                Chrm/Tloc      N/A          100%        8    #######
 Tornado                  Tloc/Air       #.........   100%        8    #######
 Shatter                  Erth           #.........   100%        9    #######
 Sublimation of Blood     Necr           Unusable     N/A         2    N/A

Dungeon Overview and Level Annotations

Branches:
Dungeon (12/12)            Temple (0/1) D:4            Lair (6/6) D:9
  Swamp (3/3) Lair:3       Shoals (3/3) Lair:3        Slime (0/5) Orc
    Orc (1/1) D:8             Elf (0/3) Lair:6       Vaults (2/3) D:11
  Crypt (0/2) Vaults:1     Depths (5/5) D:12            Zot (5/5) Depths:5

Altars:
Ashenzari
Cheibriados
Dithmenos
Qazlal
Ru
Vehumet
Xom
Yredelemnul
Jiyva

Shops:
D:4 [}**:   D:5 [=?*   D:6 (   D:9 }%   Orc ([*:   Vaults:1 :   Depths:1 }

Portals:
Hell: Depths:1 Depths:2 Depths:3 Depths:5
Abyss: Depths:1
Pandemonium: Depths:3
Ziggurat: Depths:5

Annotations:
Lair:4 1 runed translucent door, Rhok's ghost, adept OnWz Orc 1 runed translucent door, Galewind's ghost, journeyman AvCj
Depths:2 corrupted
Depths:4 1 runed translucent door, Qiwept's ghost, veteran BaIE
Depths:5 2 runed doors


Innate Abilities, Weirdness & Mutations

Eating raw meat heals you.
You have sharp fingernails.
You are carnivorous and can eat meat at any time.
You cover ground quickly.
You resist negative energy. (rN+)
Your system is resistant to poisons. (rPois)
You are less affected by unholy pain and torment.
You can hop short distances.
You have large cloven feet.
Your body sometimes deteriorates upon taking damage.
You are dopey. (Int -2)
Your magical capacity is low. (-10% MP)
Your natural rate of healing is unusually fast.


Message History

(V) Vaults (C) Crypt (U) Depths (H) Hell (Z) Zot
Where to? (Enter - D:1 @ (x,y), ? - help)
What level of the Dungeon? (default 1, ? - help)
There is an open door here.
Things that are here:
199 arrows; a +0 shortbow
There is an open door here.
There is a stone staircase leading up here.
You climb upwards.
There is a stone staircase leading down here.
Things that are here:
3 stones; a +0 trident
There is a stone staircase leading up here.
You climb upwards.
There is a stone staircase leading down here.
There is an open door here.
There is an open door here.
Something hits you but does no damage.
Deactivating autopickup; reactivate with Ctrl-A.
You barely miss something. You closely miss something. Something hits you!
You feel your power leaking away.
You pummel something!!
Space bends around something.
You pummel something!!
Put on which piece of jewellery? (? for menu, Esc to quit)
You're wearing all the rings you can.
Remove which one? (? for menu, Esc to cancel) < or
c - the ring of the Blue Skies {+Inv rPois rN+ Dex-2 Stlth--} > or
p - a +6 ring of protection You remove the ring of the Blue Skies {+Inv rPois rN+ Dex-2 Stlth--}.
You feel your magic capacity increase.
You feel stronger.
o - the ring "Kiecrana" (left hand) {MP+9 Str+6}
There is a stone staircase leading up here.
You climb upwards.
Reactivating autopickup.
There is a stone staircase leading down here.
(D) Dungeon (T) Temple (L) Lair (S) Swamp (A) Shoals (M) Slime Pits (O) Orcish Mines (E) Elven Halls (V) Vaults (C) Crypt (U) Depths (H) Hell (Z) Zot
Where to? (Enter - D:1 @ (x,y), ? - help)
What level of the Dungeon? (default 1, ? - help)
You see here a +0 club.
HP restored.
There is a stone staircase leading up here.
You climb upwards.
There is a stone staircase leading down here.
There is a stone staircase leading up here.
You climb upwards.
There is a stone staircase leading down here.
An Executioner comes into view.
Throwing (i - inventory. (/) - cycle)
m - 316 steel javelins (quivered)
Press: ? - help, Shift-Dir - straight line, f - Executioner
Aim: an Executioner You are feeling very hungry.
You throw a steel javelin.
The steel javelin hits the Executioner!!!!
You kill the Executioner!
Lugonu accepts your kill.
No target in view!
No target in view!
(D) Dungeon (T) Temple (L) Lair (S) Swamp (A) Shoals (M) Slime Pits (O) Orcish Mines (E) Elven Halls (V) Vaults (C) Crypt (U) Depths (H) Hell (Z) Zot
Where to? (Enter - D:1 @ (x,y), ? - help)
A smoke demon comes into view.
There is a stone staircase leading up here.
A rune on the stairs sparks and fizzles.
You climb upwards.
There is a stone staircase leading down here.
(D) Dungeon (T) Temple (L) Lair (S) Swamp (A) Shoals (M) Slime Pits (O) Orcish Mines (E) Elven Halls (V) Vaults (C) Crypt (U) Depths (H) Hell (Z) Zot
Where to? (Enter - D:1 @ (x,y), ? - help)
There is an open door here.
There is a stone staircase leading up here.
You climb upwards.
There is a stone staircase leading down here.
Magic restored.
There is a stone staircase leading up here.
You climb upwards.
There is a stone staircase leading down here.
There is a stone staircase leading up here.
You climb upwards.
There is a stone staircase leading down here.
There is a stone staircase leading up here.
You climb upwards.
There is a stone staircase leading down here.
Visions of eating something fill your mind.
You break out of your daze!
There is a stone staircase leading up here.
You climb upwards.
There is a stone staircase leading down here.
There is a staircase leading out of the dungeon here.
You eat one of the 48 rations {!d}.
That ration really hit the spot!
You have escaped!

#### ♣♣♣♣♣♣♣♣♣♣♣
...# ♣>.......@♣
##.# ♣.........♣
#.# ♣.........♣
#.#≈≈♣♣..^......♣
#.#≈≈≈♣.........♣
##.#♣≈≈♣.........♣
...#♣≈≈≈≈........♣
...#♣♣≈≈≈≈≈≈.≈...♣
...#
♣♣≈≈≈≈≈.≈≈≈≈♣♣♣


There were no monsters in sight!

Vanquished Creatures
  3 juggernauts (Depths:2)
  3 ancient liches (Zot:5)
  2 orbs of fire (Zot:5)
  Mara (Depths:1)
  Xtahua (Depths:2)
  A pandemonium lord (Depths:5)
  7 Killer Klowns
  the Enchantress (Depths:4)
  3 golden dragons
  2 caustic shrikes
  4 rockslimes
  4 bone dragons
  An Orb Demon (Zot:1)
  2 electric golems (Zot:5)
  A wendigo (Depths:3)
  7 tentacled monstrosities
  22 Orb Guardians (Zot:5)
  Asterion (Depths:3)
  A titan (Zot:4)
  An ancient champion (Vaults:1)
  3 tentacled starspawn
  2 sphinxes (Depths:2)
  An Executioner (D:7)
  A death cob (Zot:5)
  3 shadow dragons
  Donald (Vaults:1)
  4 storm dragons
  Kirke (Lair:6)
  3 ghouls
  4 tengu reavers
  7 thorn hunters (Swamp:3)
  2 revenants
  10 frost giants
  A daeva (Abyss:2)
  9 fire giants
  2 draconian knights
  Louise (Swamp:2)
  2 balrugs
  An angel (Abyss:2)
  A ghost moth (Zot:3)
  An iron dragon (Depths:2)
  4 draconian stormcallers
  3 vault wardens
  2 orc warlords
  Aizul (Shoals:3)
  2 ironheart preservers
  2 draconian annihilators
  17 stone giants
  A draconian scorcher (Zot:4)
  3 eyes of devastation
  6 spriggan defenders
  2 vampire knights
  4 green draconians
  8 very ugly things
  10 dire elephants
  3 black draconians
  10 red draconians
  3 white draconians
  3 purple draconians
  4 entropy weavers
  4 spark wasps
  A yellow draconian (Zot:4)
  A deep elf death mage (Vaults:1)
  9 ettins
  7 yaktaur captains
  A quicksilver dragon zombie (Swamp:3)
  Urug (Lair:5)
  2 merfolk javelineers (Shoals:3)
  8 merfolk impalers
  10 fire dragons
  Fannar (Lair:3)
  A caustic shrike simulacrum (Depths:1)
  6 rakshasas
  6 ice dragons
  A catoblepas (shapeshifter) (Depths:2)
  9 hydras
  3 ogre magi
  An alligator snapping turtle (Shoals:3)
  8 ghost crabs
  4 catoblepae
  5 spriggan air magi
  3 satyrs
  4 merfolk aquamancers
  10 alligators
  8 great orbs of eyes
  2 death knights
  3 shambling mangroves
  10 two-headed ogres
  9 death yaks
  A deep troll shaman (Depths:2)
  2 vampire magi (Depths:2)
  A queen ant (Lair:6)
  3 deep troll earth magi
  3 thrashing horrors
  An orc high priest (Orc)
  12 sea snakes
  2 ironheart beastmasters
  4 tengu warriors
  Nergalle (Orc)
  2 sun demons (Depths:1)
  A storm dragon zombie (Depths:3)
  4 spriggan berserkers
  12 deep trolls
  16 centaur warriors
  24 slime creatures
  2 deep elf knights
  A wretched star (Abyss:3)
  3 fire crabs
  A skeletal warrior (D:12)
  2 spatial maelstroms (Abyss:1)
  2 unseen horrors
  A storm dragon skeleton (Depths:1)
  4 hell knights (Depths:2)
  An iron troll (Zot:4)
  A spectral anaconda (Lair:6)
  4 swamp dragons (Swamp:3)
  3 glowing orange brains
  An obsidian statue (Lair:6)
  2 spectral hydras (Swamp:3)
  12 wizards
  7 cyclopes
  7 flayed ghosts
  An orange crystal statue (Depths:3)
  Pikel (D:7)
  24 starcursed masses
  A wolf spider zombie (D:11)
  A lindwurm (Lair:4)
  3 deep elf archers
  11 harpies
  3 spriggan druids
  An anaconda skeleton (Swamp:3)
  2 phantasmal warriors
  3 orc knights (Orc)
  5 ironheart convokers
  A wolf spider (Lair:6)
  3 orc sorcerers (Orc)
  A frost giant zombie (Depths:2)
  7 oklob plants
  4 deep elf magi
  2 stone giant zombies
  10 necromancers
  11 fauns
  29 ugly things
  A worldbinder (Gauntlet)
  12 moths of wrath
  12 manticores
  12 elephants
  A frost giant skeleton (Depths:3)
  9 will-o'-wisps (Abyss:2)
  3 black mambas
  Joseph (D:7)
  10 vault sentinels
  6 merfolk sirens
  4 water nymphs
  An ice statue (IceCv)
  6 smoke demons
  4 gargoyles
  2 black mambas (shapeshifter)
  12 cane toads
  2 kobold demonologists (D:11)
  2 hellions (Abyss:3)
  An orange demon (Depths:5)
  14 freezing wraiths
  A rime drake (shapeshifter) (Vaults:2)
  4 rime drakes
  3 efreet
  An ice devil (Zot:3)
  A demonic crawler (Zot:3)
  A hellwing (Depths:2)
  23 yaktaurs
  2 eyes of draining (Depths:5)
  A harpy zombie (D:11)
  A red devil (Depths:2)
  4 komodo dragons
  3 ancient zymes
  A wolf spider simulacrum (IceCv)
  33 merfolk
  A troll (shapeshifter) (D:11)
  2 hydra zombies (Swamp:3)
  7 trolls
  8 wind drakes
  A tyrant leech (Swamp:3)
  11 hornets
  8 raiju (Abyss:2)
  2 polar bears (Lair:6)
  22 dream sheep
  7 blink frogs
  3 harpy skeletons
  2 bog bodies
  3 snapping turtles
  2 spectral elephants (Lair:6)
  A stone giant simulacrum (Depths:2)
  13 hippogriffs
  A frost giant simulacrum (Depths:3)
  12 large abominations
  A meliai zombie (D:12)
  14 spriggans
  3 shadows
  9 water elementals
  2 wyverns (Lair:3)
  A vampire (D:8)
  3 ynoxinuls
  2 tarantellas (Vaults:2)
  2 golden eyes (Abyss:3)
  A fire elemental (Abyss:1)
  2 dire elephant simulacra (Lair:6)
  5 fire bats (Gauntlet)
  55 yaks
  5 basilisks
  A basilisk (shapeshifter) (Depths:2)
  A wraith (D:12)
  A human (shapeshifter) (Depths:2)
  2 human simulacra (Vaults:1)
  A hog (Lair:6)
  2 neqoxecs
  11 humans
  6 redbacks (Vaults:2)
  A hungry ghost (D:7)
  A chaos spawn (Abyss:1)
  2 hogs (shapeshifter)
  9 spatial vortices
  9 vampire mosquitoes
  A warg (shapeshifter) (Depths:2)
  Menkaure (D:7)
  A spectral cane toad (Lair:6)
  17 swamp worms
  6 wargs
  A hell hound (Gauntlet)
  2 acid dragons
  15 crocodiles
  5 porcupines
  Duvessa (D:7)
  5 water moccasins
  24 soldier ants
  2 black bears
  24 orc warriors
  5 sky beasts
  12 swamp drakes
  9 ice beasts
  An ice beast (shapeshifter) (Vaults:2)
  2 phantoms
  4 necrophages (D:12)
  A boggart (Gauntlet)
  14 ogres
  An elephant skeleton (Lair:6)
  9 wolves
  13 bullfrogs
  18 kobold brigands
  A bullfrog (shapeshifter) (Vaults:1)
  A gnoll sergeant (D:7)
  2 cane toad simulacra (Lair:6)
  Dowan (D:7)
  11 centaurs
  5 scorpions
  A wyvern skeleton (D:9)
  A water moccasin skeleton (D:10)
  17 killer bees
  4 wights (D:12)
  5 elephant simulacra
  2 howler monkeys
  6 electric eels
  15 orc priests
  A bullfrog zombie (D:8)
  12 crimson imps
  3 draconian simulacra (IceCv)
  6 jellies
  Crazy Yiuf (D:7)
  A bullfrog skeleton (D:5)
  10 hounds
  2 quasits
  3 gnoll shamans
  2 iron imps (Abyss:2)
  32 orc wizards
  8 small abominations
  3 iguanas
  25 worker ants
  2 hell rats (Lair:2)
  A polar bear simulacrum (IceCv)
  A spriggan simulacrum (IceCv)
  5 troll simulacra (IceCv)
  A hound skeleton (D:4)
  2 hound zombies
  A mummy (D:12)
  2 worker ant zombies
  Robin (D:2)
  A howler monkey zombie (D:11)
  10 adders
  22 gnolls
  5 naga simulacra (IceCv)
  An ogre simulacrum (IceCv)
  5 river rats (Lair:2)
  A shadow imp (D:9)
  14 white imps
  2 ufetubi (Abyss:2)
  5 centaur simulacra (IceCv)
  5 oozes (D:12)
  An adder zombie (D:5)
  An adder skeleton (D:5)
  3 worms
  3 dart slugs
  5 leopard geckos
  83 orcs
  5 bats
  A giant cockroach (D:1)
  3 goblins (D:1)
  5 hobgoblins
  4 jackals
  2 quokkas (D:4)
  3 ball pythons
  5 frilled lizards
  23 kobolds
  A quokka zombie (D:5)
  15 rats
  A fire vortex (Depths:2)
  A fungus (D:2)
  2 plants
  3 starspawn tentacles (Abyss:2)
1705 creatures vanquished.

Vanquished Creatures (collateral kills)
  A basilisk (Lair:5)
  A porcupine (Lair:5)
2 creatures vanquished.

Vanquished Creatures (others)
  A lich (Depths:5)
  Polyphemus (Shoals:2)
  A thorn hunter (Swamp:3)
  5 stone giants
  2 fire dragons (Depths:2)
  A merfolk javelineer (Depths:2)
  2 yaktaur captains
  2 ice dragons (Depths:2)
  A spriggan air mage (Depths:2)
  A satyr (Shoals:2)
  A sea snake (Shoals:2)
  A tengu warrior (Vaults:1)
  A deep troll (Depths:2)
  7 centaur warriors
  A flayed ghost (Depths:2)
  A moth of wrath (Zot:5)
  3 fauns
  3 ugly things (Depths:2)
  A cane toad (Swamp:2)
  A vault sentinel (Vaults:2)
  A water nymph (Shoals:3)
  9 yaktaurs
  A merfolk (Shoals:3)
  2 water elementals (Depths:2)
  2 humans (Lair:6)
  2 slaves (D:7)
  A centaur (Shoals:1)
  A small abomination (Abyss:2)
  An iron imp (D:7)
  An orc wizard (D:7)
  A worker ant (Lair:6)
  2 orcs (D:7)
  A jackal (D:7)
  4 briar patches (Swamp:3)
  A bush (Lair:5)
  A fire vortex (Depths:2)
  13 fungi
  36 plants
  5 starspawn tentacles (Abyss:2)
  3 toadstools (D:2)
  23 withered plants (Lair:6)
148 creatures vanquished.

Grand Total: 1855 creatures vanquished

Notes
Turn   | Place    | Note
-------+----------+-------------------------------------------
     0 | Abyss:1  | Artagas the Ghoul Abyssal Knight began the quest for the
                  | Orb.
     0 | Abyss:1  | Reached XP level 1. HP: 19/19 MP: 2/2
     0 | D:1      | Escaped the Abyss
   149 | D:1      | Reached skill level 4 in Fighting
   149 | D:1      | Reached XP level 2. HP: 27/27 MP: 3/3
   204 | D:1      | Reached * piety under Lugonu
   562 | D:1      | Reached XP level 3. HP: 34/34 MP: 4/4
  1035 | D:2      | Reached skill level 3 in Unarmed Combat
  1133 | D:2      | Found a sacrificial altar of Ru.
  1199 | D:2      | Reached ** piety under Lugonu
  1234 | D:2      | Noticed Robin
  1251 | D:2      | Killed Robin
  1359 | D:2      | Reached XP level 4. HP: 35/41 MP: 5/5
  1370 | D:2      | Reached skill level 5 in Fighting
  2126 | D:3      | Reached XP level 5. HP: 45/48 MP: 6/6
  2334 | D:3      | Reached skill level 4 in Unarmed Combat
  2462 | D:3      | Reached skill level 6 in Fighting
  2550 | D:3      | Reached XP level 6. HP: 54/57 MP: 7/7
  2636 | D:3      | Found a shadowy altar of Dithmenos.
  2853 | D:3      | Found a glowing silver altar of Zin.
  2950 | D:3      | Reached *** piety under Lugonu
  3261 | D:4      | Found Usantofyr's Armour Emporium.
  3298 | D:4      | Found Vyicinka's Gadget Boutique.
  3311 | D:4      | Bought a wand of acid (6) for 182 gold pieces
  3311 | D:4      | Bought a wand of acid (4) for 130 gold pieces
  3311 | D:4      | Bought a wand of iceblast (8) for 175 gold pieces
  3342 | D:4      | Noticed a sky beast
  3352 | D:4      | Killed a sky beast
  3353 | D:4      | Reached skill level 5 in Unarmed Combat
  3376 | D:4      | Found Ciniyle's Assorted Antiques.
  3388 | D:4      | Found Qozonif's General Store.
  3421 | D:4      | Found Ydaox's Book Shop.
  3464 | D:4      | Reached skill level 7 in Fighting
  3464 | D:4      | Reached XP level 7. HP: 66/66 MP: 8/8
  3470 | D:4      | Found a staircase to the Ecumenical Temple.
  3637 | D:4      | Reached skill level 6 in Unarmed Combat
  3639 | D:4      | Reached skill level 1 in Throwing
  3639 | D:4      | Reached skill level 1 in Armour
  3769 | D:5      | Entered Level 5 of the Dungeon
  3788 | D:5      | Reached skill level 1 in Evocations
  3915 | D:5      | Found Wubutito's Armour Emporium.
  3921 | D:5      | Reached skill level 2 in Throwing
  3959 | D:5      | Reached skill level 2 in Armour
  3959 | D:5      | Reached XP level 8. HP: 66/73 MP: 10/10
  4000 | D:5      | Reached skill level 3 in Invocations
  4019 | D:5      | Found Rumuac's Jewellery Boutique.
  4047 | D:5      | Reached skill level 2 in Evocations
  4170 | D:5      | Found a sacrificial altar of Ru.
  4173 | D:5      | Reached **** piety under Lugonu
  4267 | D:5      | Found Ozoazall's Magic Scroll Shop.
  4285 | D:5      | Bought a scroll of teleportation for 36 gold pieces
  4294 | D:5      | Found Avvaatt's General Store.
  4367 | D:5      | Reached skill level 3 in Throwing
  4367 | D:5      | Reached skill level 3 in Armour
  4547 | D:5      | Reached skill level 3 in Evocations
  5046 | D:6      | Reached skill level 8 in Fighting
  5046 | D:6      | Reached skill level 7 in Unarmed Combat
  5048 | D:6      | Received a gift from Lugonu
  5054 | D:6      | Reached XP level 9. HP: 67/81 MP: 11/11
  5182 | D:6      | Reached skill level 4 in Throwing
  5230 | D:6      | Found Parucw's Weapon Boutique.
  5734 | D:5      | Bought a scroll of blinking for 90 gold pieces
  5945 | D:7      | Reached skill level 4 in Armour
  5945 | D:7      | Reached skill level 4 in Evocations
  6045 | D:7      | Noticed Pikel
  6053 | D:7      | Killed Pikel
  6054 | D:7      | Reached skill level 9 in Fighting
  6201 | D:7      | Reached skill level 8 in Unarmed Combat
  6234 | D:7      | Noticed Menkaure
  6235 | D:7      | Noticed a hornet
  6238 | D:7      | Killed Menkaure
  6239 | D:7      | Killed a hornet
  6262 | D:7      | Reached XP level 10. HP: 57/92 MP: 13/13
  6283 | D:6      | Reached skill level 10 in Fighting
  6381 | D:7      | Reached skill level 9 in Unarmed Combat
  6576 | D:7      | Reached skill level 4 in Invocations
  6794 | D:7      | Found a runed door.
  6820 | D:7      | Found a snail-covered altar of Cheibriados.
  6896 | D:7      | Found a stormy altar of Qazlal.
  6900 | D:7      | Noticed Joseph
  6912 | D:7      | Killed Joseph
  6913 | D:7      | Reached skill level 5 in Invocations
  7011 | D:7      | Reached skill level 5 in Evocations
  7087 | D:7      | Noticed Duvessa
  7095 | D:7      | Killed Duvessa
  7095 | D:7      | Noticed Dowan
  7097 | D:7      | Killed Dowan
  7651 | D:7      | Noticed Crazy Yiuf
  7653 | D:7      | Killed Crazy Yiuf
  7904 | D:5      | Bought a potion of haste for 120 gold pieces
  8381 | D:8      | Reached skill level 5 in Throwing
  8381 | D:8      | Reached skill level 5 in Armour
  8489 | D:8      | Reached XP level 11. HP: 70/101 MP: 14/14
  8651 | D:8      | Noticed a brown ugly thing
  8665 | D:8      | Killed a brown ugly thing
  8710 | D:8      | Reached skill level 11 in Fighting
  8724 | D:8      | Reached skill level 10 in Unarmed Combat
  8792 | D:8      | Found a staircase to the Orcish Mines.
  9301 | D:5      | Bought a +0 pair of gloves for 49 gold pieces
  9386 | D:9      | Found a shattered altar of Ashenzari.
  9386 | D:9      | Found a shimmering altar of Xom.
  9387 | D:9      | Found a radiant altar of Vehumet.
  9527 | D:9      | Found Ryaklu's Gadget Boutique.
  9561 | D:9      | Noticed a tengu warrior
  9606 | D:9      | Found a staircase to the Lair.
  9669 | D:9      | Noticed a centaur warrior
  9673 | D:9      | Killed a centaur warrior
  9674 | D:9      | Reached skill level 6 in Throwing
  9674 | D:9      | Reached skill level 6 in Armour
  9748 | D:9      | Found Voeprer's Food Boutique.
  9749 | D:9      | Noticed a cyclops
  9917 | D:9      | Noticed a purple ugly thing
  9925 | D:9      | Killed a purple ugly thing
 10156 | D:9      | Killed a tengu warrior
 10231 | D:9      | Killed a cyclops
 10316 | Lair:1   | Entered Level 1 of the Lair of Beasts
 10388 | D:9      | Reached skill level 12 in Fighting
 10388 | D:9      | Received a gift from Lugonu
 10389 | D:9      | Reached skill level 11 in Unarmed Combat
 10392 | D:9      | Got a pair of faintly humming gloves {god gift}
 10403 | D:9      | Identified the -5 pair of gloves "Amooro" {+Fly rCorr Str+3
                  | Int-3} (Lugonu gifted it to you on level 9 of the Dungeon)
 10508 | Lair:1   | Reached XP level 12. HP: 99/112 MP: 15/15
 10563 | Lair:1   | Identified a scroll of acquirement
 10564 | Lair:1   | Identified the ring "Taifahytt" {rN+ MR- Int+8 Stlth+} (You
                  | acquired it on level 1 of the Lair of Beasts)
 10755 | D:4      | Bought the +8 chain mail "Pailumou" {rElec Dex+5 Stlth-}
                  | for 743 gold pieces
 10797 | D:5      | Bought the +1 helmet of Past Mistakes {MR++ Regen+ Str+3
                  | Stlth-} for 357 gold pieces
 11096 | D:9      | Bought a wand of clouds (7) for 408 gold pieces
 11212 | D:4      | Bought a scroll of teleportation for 30 gold pieces
 11265 | D:5      | Bought a scroll of teleportation for 36 gold pieces
 11265 | D:5      | Bought a scroll of identify for 24 gold pieces
 11265 | D:5      | Bought a scroll of identify for 24 gold pieces
 11311 | D:4      | Bought 2 fizzy red potions for 43 gold pieces
 11358 | D:5      | Bought a scroll of identify for 24 gold pieces
 11358 | D:5      | Bought a scroll of identify for 24 gold pieces
 12232 | Lair:1   | Reached skill level 13 in Fighting
 12340 | Lair:2   | Reached skill level 12 in Unarmed Combat
 12397 | Lair:2   | Found a gate leading to a gauntlet.
 12407 | Gauntlet | Entered a Gauntlet
 12407 | Gauntlet | Found a transporter.
 12417 | Gauntlet | Found a transporter.
 12432 | Gauntlet | Found a transporter.
 12438 | Gauntlet | Found a transporter.
 12453 | Gauntlet | Found a transporter.
 12472 | Gauntlet | Found a transporter.
 12472 | Gauntlet | Noticed a wretched star
 12484 | Gauntlet | Found a transporter.
 12484 | Gauntlet | Noticed a blizzard demon
 12496 | Gauntlet | Noticed a hell hog
 12496 | Gauntlet | Found a transporter.
 12508 | Gauntlet | Found a transporter.
 12511 | Gauntlet | Noticed a death yak
 12520 | Gauntlet | Found a transporter.
 12537 | Gauntlet | Found a transporter.
 12554 | Gauntlet | Found a transporter.
 12556 | Gauntlet | Found a transporter.
 12557 | Gauntlet | Noticed a catoblepas
 12582 | Gauntlet | Found a transporter.
 12584 | Gauntlet | Found a transporter.
 12586 | Gauntlet | Found a transporter.
 12608 | Gauntlet | Found a transporter.
 12610 | Gauntlet | Found a transporter.
 12887 | Gauntlet | Killed a catoblepas
 12888 | Gauntlet | Reached skill level 6 in Evocations
 12953 | Gauntlet | Reached skill level 7 in Evocations
 12958 | Gauntlet | Got a faintly glowing cloak
 13020 | Gauntlet | Identified the +2 cloak of Zanemek {rElec Int+4} (You found
                  | it in a Gauntlet)
 13046 | Gauntlet | Noticed a minotaur
 13064 | Gauntlet | Identified the Volume of the Traveller and Bewitchment
 13358 | Lair:2   | Noticed a seven-headed hydra
 13365 | Lair:2   | Killed a seven-headed hydra
 13937 | Lair:3   | Noticed an eight-headed hydra
 13953 | Lair:3   | Killed an eight-headed hydra
 13995 | Lair:3   | Found a staircase to the Swamp.
 14053 | Lair:3   | Noticed a catoblepas
 14140 | Lair:3   | Reached XP level 13. HP: 111/123 MP: 18/18
 14244 | Lair:3   | Reached skill level 14 in Fighting
 14662 | Lair:3   | Identified the ring of Kybb {Ice MP+9}
 14662 | Lair:3   | Noticed Fannar
 14670 | Lair:3   | Killed Fannar
 14671 | Lair:3   | Reached skill level 13 in Unarmed Combat
 14797 | Lair:3   | Found a staircase to the Shoals.
 15118 | Lair:4   | Reached skill level 7 in Throwing
 15205 | Lair:4   | Reached skill level 8 in Throwing
 15276 | Lair:4   | Found a runed translucent door.
 15277 | Lair:4   | Noticed Rhok's ghost (adept OnWz)
 15278 | Lair:4   | Identified the +5 spear of Bexufoamio {pierce, Int+3}
 15448 | Lair:4   | Reached skill level 9 in Throwing
 15533 | Lair:4   | Got an ancient ring mail
 15535 | Lair:4   | Got a masterwork chain mail
 15546 | Lair:4   | Identified the +3 ring mail of Ykkir {Int+4} (You found it
                  | on level 4 of the Lair of Beasts)
 15556 | Lair:4   | Identified the +11 chain mail of Whack-A-Mole {rElec Str+4}
                  | (You found it on level 4 of the Lair of Beasts)
 16072 | Lair:5   | Reached skill level 6 in Invocations
 16140 | Lair:5   | Reached ***** piety under Lugonu
 16140 | Lair:5   | Received a gift from Lugonu
 16199 | Lair:5   | Reached skill level 7 in Invocations
 16280 | Lair:5   | Noticed Urug
 16291 | Lair:5   | Killed Urug
 16676 | Lair:6   | Entered Level 6 of the Lair of Beasts
 16680 | Lair:6   | Noticed Kirke
 16695 | Lair:6   | Killed Kirke
 16696 | Lair:6   | Reached skill level 8 in Invocations
 16708 | Lair:6   | Noticed an ice dragon
 16708 | Lair:6   | Found a frozen archway.
 16752 | Lair:6   | Reached XP level 14. HP: 117/132 MP: 19/20
 16797 | IceCv    | Entered an ice cave
 17137 | IceCv    | Found an ancient bone altar of Kikubaaqudgha.
 17309 | IceCv    | Identified the ring "Diegreka" {Ice rElec}
 17343 | IceCv    | Identified the Papyrus of the Snowflakes
 17353 | IceCv    | Got a pair of distressingly furry gloves
 17364 | IceCv    | Identified the +2 pair of gloves "Tany Wam" {Str+4} (You
                  | found it in an ice cave)
 17534 | Lair:6   | Reached skill level 15 in Fighting
 17556 | Lair:6   | Reached skill level 14 in Unarmed Combat
 17675 | Lair:6   | Reached skill level 10 in Throwing
 17752 | Lair:6   | Reached skill level 3 in Dodging
 17782 | Lair:6   | Received a gift from Lugonu
 17841 | Lair:6   | Noticed an entropy weaver
 17845 | Lair:6   | Killed an entropy weaver
 17846 | Lair:6   | Reached skill level 7 in Armour
 17846 | Lair:6   | Reached skill level 4 in Dodging
 17935 | Lair:6   | Received a gift from Lugonu
 17981 | Lair:6   | Identified the ring of Light {Ice Str+4 Int+4 Dex+3} (You
                  | acquired it on level 6 of the Lair of Beasts)
 17982 | Lair:6   | Found the +8 orange crystal plate armour {Archmagi, Int+3
                  | Clar}
 18012 | Lair:6   | Noticed an entropy weaver
 18022 | Lair:6   | Killed an entropy weaver
 18023 | Lair:6   | Reached skill level 1 in Shields
 18032 | Lair:6   | Reached skill level 2 in Shields
 18104 | Lair:6   | Found a staircase to the Elven Halls.
 18457 | Lair:6   | Noticed a dire elephant
 18458 | Lair:6   | Noticed a dire elephant
 18480 | Lair:6   | Noticed a dire elephant
 18495 | Lair:6   | Reached XP level 15. HP: 124/141 MP: 17/21
 18520 | Lair:6   | Reached skill level 3 in Shields
 18618 | Lair:6   | Reached skill level 4 in Shields
 18630 | Lair:6   | Reached skill level 5 in Shields
 18763 | Lair:6   | Reached skill level 6 in Shields
 19186 | D:10     | Entered Level 10 of the Dungeon
 19452 | D:10     | Reached skill level 7 in Shields
 19672 | D:10     | Identified the ring of Untruth {rPois Dex+2} (You acquired
                  | it on level 10 of the Dungeon)
 19727 | D:10     | Got an ichor-stained scarf
 19986 | D:5      | Bought a +6 amulet of reflection for 601 gold pieces
 19997 | D:5      | Identified the scarf of Akhibb {+Inv, rC+ rN+} (You found
                  | it on level 10 of the Dungeon)
 20070 | D:4      | Bought a wand of paralysis (5) for 78 gold pieces
 20070 | D:4      | Bought a wand of acid (8) for 234 gold pieces
 20302 | D:11     | Reached skill level 8 in Armour
 20554 | D:11     | Found a gate to the Vaults.
 20846 | D:11     | Reached skill level 8 in Shields
 20904 | D:11     | Received a gift from Lugonu
 21085 | D:11     | Found a portal to a secret trove of treasure.
 21439 | D:11     | Reached skill level 9 in Armour
 21552 | D:12     | Entered Level 12 of the Dungeon
 21624 | D:12     | Reached XP level 16. HP: 149/149 MP: 22/22
 21722 | D:12     | Found a staircase to the Depths.
 22068 | D:12     | Received a gift from Lugonu
 22069 | D:12     | Found the +1 pair of gauntlets of War {Slay+6}
 22406 | D:12     | Reached skill level 9 in Shields
 23060 | D:5      | Bought a scroll of identify for 24 gold pieces
 23325 | Orc      | Entered the Orcish Mines
 23434 | Orc      | Reached skill level 10 in Armour
 23450 | Orc      | Noticed Nergalle
 23461 | Orc      | Killed Nergalle
 23580 | Orc      | Found a roughly hewn altar of Beogh.
 23599 | Orc      | Found Foskorho's Book Emporium.
 23605 | Orc      | Found Boucefetz's Antique Weapon Emporium.
 23612 | Orc      | Found Cathynki's General Store.
 23623 | Orc      | Bought a scroll of teleportation for 42 gold pieces
 23653 | Orc      | Found a runed translucent door.
 23681 | Orc      | Noticed Galewind's ghost (journeyman AvCj)
 23920 | Orc      | Found a viscous altar of Jiyva.
 23920 | Orc      | Found a staircase to the Slime Pits.
 24175 | Orc      | Found Ciytiuc's Antique Armour Emporium.
 24410 | Swamp:1  | Entered Level 1 of the Swamp
 24501 | Swamp:1  | Got a bound copper ring
 24508 | Swamp:1  | Reached skill level 10 in Shields
 24577 | Swamp:1  | Got a scorched plate armour
 24641 | Swamp:1  | Identified the cursed ring "Qyczump" {Ice MR+} (You found
                  | it on level 1 of the Swamp)
 24654 | Swamp:1  | Identified the +9 plate armour "Erakios" {rN++ Dex+3} (You
                  | found it on level 1 of the Swamp)
 25253 | Swamp:2  | Received a gift from Lugonu
 25254 | Swamp:2  | Got a masterwork crystal plate armour {god gift}
 25263 | Swamp:2  | Identified the +10 crystal plate armour of Poanweg {rN+
                  | Stlth+} (Lugonu gifted it to you on level 2 of the Swamp)
 25476 | Swamp:2  | Noticed Louise
 25497 | Swamp:2  | Killed Louise
 25498 | Swamp:2  | Reached skill level 16 in Fighting
 25895 | Swamp:3  | Entered Level 3 of the Swamp
 25906 | Swamp:3  | Reached skill level 15 in Unarmed Combat
 26097 | Swamp:3  | Noticed a thorn hunter
 26106 | Swamp:3  | Killed a thorn hunter
 26107 | Swamp:3  | Reached XP level 17. HP: 158/158 MP: 23/23
 26229 | Swamp:3  | Reached skill level 11 in Armour
 26545 | Swamp:3  | Reached skill level 12 in Armour
 26597 | Swamp:3  | Noticed a bone dragon
 26599 | Swamp:3  | Noticed a bone dragon
 26651 | Swamp:2  | Killed a bone dragon
 26698 | Swamp:2  | Killed a bone dragon
 26699 | Swamp:2  | Reached skill level 13 in Armour
 26724 | Swamp:3  | Noticed a bone dragon
 26756 | Swamp:3  | Killed a bone dragon
 26800 | Swamp:3  | Found a basalt altar of Yredelemnul.
 26859 | Swamp:3  | Found a blossoming altar of Fedhas.
 26876 | Swamp:3  | Reached skill level 11 in Shields
 27140 | Swamp:3  | Reached XP level 18. HP: 152/168 MP: 24/24
 27337 | Swamp:3  | Got a decaying rune of Zot
 27454 | Shoals:1 | Entered Level 1 of the Shoals
 27455 | Shoals:1 | Found a radiant altar of Vehumet.
 27687 | Shoals:1 | Identified a +1 pair of boots of running (Lugonu gifted it
                  | to you on level 1 of the Shoals)
 27687 | Shoals:1 | Received a gift from Lugonu
 28308 | Shoals:1 | Reached skill level 17 in Fighting
 28557 | Shoals:2 | Reached ****** piety under Lugonu
 28559 | Shoals:2 | Reached skill level 16 in Unarmed Combat
 29257 | Shoals:2 | Noticed Polyphemus
 29261 | Shoals:2 | Killed Polyphemus
 29491 | Shoals:3 | Entered Level 3 of the Shoals
 29852 | Shoals:3 | Found the +9 scales of the Dragon King {rPois rF+ rC+ MR+}
 29872 | Shoals:3 | Reached skill level 18 in Fighting
 29985 | Shoals:3 | Identified the ring "Qayrph" {rC+ SInv}
 30171 | Shoals:3 | Reached skill level 17 in Unarmed Combat
 30182 | Shoals:3 | Identified the ring "Kiecrana" {MP+9 Str+6}
 30338 | Shoals:3 | Reached XP level 19. HP: 151/179 MP: 25/25
 30368 | Shoals:3 | Got a barnacled rune of Zot
 30473 | Shoals:3 | Found the +1 giant club "Skullcrusher" {antimagic, -Cast
                  | *Drain rN+ MR+ AC+6}
 30473 | Shoals:3 | Noticed Aizul
 30497 | Shoals:3 | Killed Aizul
 30501 | Shoals:3 | Reached skill level 11 in Throwing
 30885 | Vaults:1 | Entered Level 1 of the Vaults
 31096 | Vaults:1 | Reached skill level 9 in Invocations
 31127 | Vaults:1 | Found a staircase to the Crypt.
 31145 | Vaults:1 | Received a gift from Lugonu
 31283 | Vaults:1 | Reached skill level 10 in Invocations
 31683 | Vaults:1 | Found Ycvad's Book Emporium.
 32317 | Vaults:1 | Noticed Donald
 32328 | Vaults:1 | Killed Donald
 32545 | Vaults:2 | Found a flickering gateway to a bazaar.
 32563 | Bazaar   | Entered a bazaar
 32583 | Bazaar   | Found Rocle's Jewellery Emporium.
 32605 | Bazaar   | Found Daidurch's Weapon Shoppe.
 32637 | Bazaar   | Found Wureubeib's Antique Weapon Shoppe.
 32648 | Bazaar   | Found Vatir's Distillery.
 32653 | Bazaar   | Bought a potion of resistance for 80 gold pieces
 32653 | Bazaar   | Bought a potion of resistance for 80 gold pieces
 32653 | Bazaar   | Bought a potion of haste for 80 gold pieces
 32653 | Bazaar   | Bought a potion of heal wounds for 40 gold pieces
 32653 | Bazaar   | Bought a potion of curing for 20 gold pieces
 32653 | Bazaar   | Bought a potion of curing for 20 gold pieces
 32653 | Bazaar   | Bought a potion of curing for 20 gold pieces
 32653 | Bazaar   | Bought a potion of cancellation for 40 gold pieces
 32653 | Bazaar   | Bought a potion of cancellation for 40 gold pieces
 32659 | Bazaar   | Found Erytat's Assorted Antiques.
 32700 | Bazaar   | Bought the cursed ring of the Blue Skies {+Inv rPois rN+
                  | Dex-2 Stlth--} for 317 gold pieces
 32728 | Bazaar   | Bought a fuming purple potion for 19 gold pieces
 32729 | Bazaar   | Bought a potion of cancellation for 110 gold pieces
 32729 | Bazaar   | Bought a potion of curing for 55 gold pieces
 32729 | Bazaar   | Bought a scroll of fear for 110 gold pieces
 33042 | Vaults:2 | Reached skill level 12 in Shields
 33151 | Vaults:2 | Reached skill level 14 in Armour
 33367 | Vaults:2 | Identified the cursed +1 leather armour of Equik {rElec
                  | Dex+4}
 33474 | Vaults:2 | Reached XP level 20. HP: 187/187 MP: 27/27
 33855 | Vaults:2 | Reached skill level 13 in Shields
 34546 | Depths:1 | Entered Level 1 of the Depths
 34550 | Depths:1 | Noticed Mara
 34570 | Depths:1 | Killed Mara
 34590 | Depths:1 | Received a gift from Lugonu
 34669 | Depths:1 | Reached skill level 14 in Shields
 34670 | Depths:1 | Found Ukuh's Gadget Emporium.
 34789 | Depths:1 | Noticed a caustic shrike
 34834 | Depths:1 | Identified the +9 scimitar "Bic Buk" {protect, Dex+4}
 34927 | Depths:1 | Noticed a rockslime
 34948 | Depths:1 | Killed a rockslime
 35057 | Depths:1 | Noticed a rockslime
 35081 | Depths:1 | Killed a caustic shrike
 35081 | Depths:1 | Identified the +0 crystal plate armour "Utyssu" {Stlth+}
                  | (Lugonu gifted it to you on level 1 of the Depths)
 35081 | Depths:1 | Received a gift from Lugonu
 35290 | Depths:1 | Found a one-way gate to the infinite horrors of the Abyss.
 35356 | Depths:1 | Found a gateway to Hell.
 36619 | D:5      | Bought a scroll of enchant armour for 90 gold pieces
 36991 | Depths:1 | Voluntarily entered the Abyss.
 37185 | Abyss:1  | Found a corrupted altar of Lugonu.
 37329 | Abyss:1  | Noticed a bone dragon
 37346 | Abyss:1  | Killed a bone dragon
 37375 | Depths:1 | Escaped the Abyss
 37377 | Depths:1 | Voluntarily entered the Abyss.
 37524 | Abyss:2  | Found a corrupted altar of Lugonu.
 37547 | Abyss:2  | Reached XP level 21. HP: 182/194 MP: 28/28
 37638 | Abyss:2  | Reached skill level 15 in Armour
 37680 | Depths:1 | Escaped the Abyss
 37682 | Depths:1 | Voluntarily entered the Abyss.
 37809 | Abyss:2  | Found a shadowy altar of Dithmenos.
 37900 | Abyss:2  | Reached skill level 15 in Shields
 37943 | Abyss:2  | Found a shadowy altar of Dithmenos.
 38110 | Abyss:3  | Found an ornate altar of the Wu Jian Council.
 38320 | Abyss:3  | Got an abyssal rune of Zot
 38341 | Depths:1 | Escaped the Abyss
 38509 | D:11     | You showed the abyssal rune of Zot to enter a treasure
                  | trove
 38510 | Trove    | Entered a treasure trove
 38516 | Trove    | Found the +3 crown of Dyrovepreva {rElec Int+2 SInv}
 38517 | Trove    | Identified the +1 medium shield of Rationality {rN++ Int+4}
 38528 | Trove    | Identified the amulet of Olime {RegenMP Str+7}
 38541 | Trove    | Identified the amulet "Noceehoe" {Acrobat Int+4}
 38725 | Depths:2 | Corrupted Depths:2
 38848 | Depths:2 | Noticed a juggernaut
 38874 | Depths:2 | Killed a juggernaut
 38875 | Depths:2 | Reached skill level 19 in Fighting
 38961 | Depths:2 | Reached skill level 18 in Unarmed Combat
 38963 | Depths:2 | Noticed a rockslime
 38967 | Depths:2 | Noticed a caustic shrike
 38968 | Depths:2 | Noticed a juggernaut
 39012 | Depths:2 | Killed a rockslime
 39273 | Depths:2 | Reached XP level 22. HP: 157/206 MP: 4/29
 39402 | Depths:2 | Killed a juggernaut
 39403 | Depths:2 | Reached skill level 12 in Throwing
 39739 | Depths:2 | Killed a caustic shrike
 39740 | Depths:2 | Reached skill level 20 in Fighting
 39744 | Depths:2 | Noticed a rockslime
 39754 | Depths:2 | Killed a rockslime
 39777 | Depths:2 | Noticed a Killer Klown
 39786 | Depths:2 | Killed a Killer Klown
 39787 | Depths:2 | Reached skill level 19 in Unarmed Combat
 39860 | Depths:2 | Identified Sif Muna's Almanac of Igneous Lightness
 40088 | Depths:2 | Noticed a juggernaut
 40098 | Depths:2 | Reached skill level 13 in Throwing
 40300 | Depths:2 | Killed a juggernaut
 40301 | Depths:2 | Reached skill level 14 in Throwing
 40502 | Depths:2 | Noticed Xtahua
 40517 | Depths:2 | Killed Xtahua
 40533 | Depths:2 | Reached skill level 15 in Throwing
 41001 | Depths:3 | Received a gift from Lugonu
 41105 | Depths:3 | Reached XP level 23. HP: 215/215 MP: 30/30
 41236 | Depths:3 | Noticed Asterion
 41242 | Depths:3 | Killed Asterion
 41243 | Depths:3 | Reached skill level 16 in Throwing
 41258 | Depths:3 | Found a one-way gate leading to the halls of Pandemonium.
 41449 | Depths:3 | Noticed a Killer Klown
 41477 | Depths:3 | Reached skill level 8 in Evocations
 41484 | Depths:3 | Received a gift from Lugonu
 41540 | Depths:3 | Killed a Killer Klown
 41558 | Depths:3 | Identified the +0 robe of the Everdark {Dex+3 SInv Stlth+}
 41585 | Depths:3 | Reached skill level 9 in Evocations
 41835 | Depths:4 | Identified the +2 faerie dragon scales {MR+ rCorr Str+2}
 41835 | Depths:4 | Noticed the Enchantress
 41846 | Depths:4 | Reached skill level 10 in Evocations
 41850 | Depths:4 | Killed the Enchantress
 41896 | Depths:4 | Found a flickering gateway to a bazaar.
 41915 | Depths:4 | Reached skill level 11 in Evocations
 41947 | Bazaar   | Entered a bazaar
 41947 | Bazaar   | Found Cisixydda's Gadget Boutique.
 41947 | Bazaar   | Found Juforhuh's Distillery.
 41947 | Bazaar   | Found Liucseq's Gadget Shop.
 41947 | Bazaar   | Found Niezimm's Armour Shop.
 41947 | Bazaar   | Found Tewnup's Weapon Boutique.
 41950 | Bazaar   | Bought a potion of haste for 110 gold pieces
 41950 | Bazaar   | Bought a potion of haste for 110 gold pieces
 41958 | Bazaar   | Bought a wand of clouds (5) for 180 gold pieces
 41958 | Bazaar   | Bought a wand of digging (12) for 260 gold pieces
 41958 | Bazaar   | Bought a phantom mirror for 200 gold pieces
 41958 | Bazaar   | Bought a box of beasts for 200 gold pieces
 41960 | Bazaar   | Bought a wand of paralysis (8) for 90 gold pieces
 41960 | Bazaar   | Bought a wand of iceblast (12) for 195 gold pieces
 41960 | Bazaar   | Bought a wand of digging (8) for 180 gold pieces
 41964 | Bazaar   | Bought a potion of curing for 27 gold pieces
 41964 | Bazaar   | Bought a potion of agility for 44 gold pieces
 41964 | Bazaar   | Bought a potion of agility for 44 gold pieces
 41964 | Bazaar   | Bought a potion of might for 44 gold pieces
 42014 | Depths:4 | Found a runed translucent door.
 42017 | Depths:4 | Noticed Qiwept's ghost (veteran BaIE)
 42023 | Depths:5 | Entered Level 5 of the Depths
 42023 | Depths:5 | Found a gateway to a ziggurat.
 42200 | Depths:5 | Noticed a golden dragon
 42232 | Depths:5 | Noticed a golden dragon
 42234 | Depths:5 | Killed a golden dragon
 42281 | Depths:5 | Killed a golden dragon
 42296 | Depths:5 | Found a gate to the Realm of Zot.
 42298 | Depths:5 | Found a runed door.
 42304 | Depths:5 | Found a runed door.
 42487 | Zot:1    | Entered Level 1 of the Realm of Zot
 42897 | Zot:2    | Noticed a Killer Klown
 42898 | Zot:2    | Noticed a Killer Klown
 42912 | Zot:2    | Killed a Killer Klown
 42913 | Zot:2    | Reached XP level 24. HP: 221/226 MP: 31/31
 42924 | Zot:2    | Reached skill level 21 in Fighting
 42932 | Zot:2    | Killed a Killer Klown
 43103 | Zot:2    | Noticed a Killer Klown
 43112 | Zot:2    | Killed a Killer Klown
 43113 | Zot:2    | Reached skill level 20 in Unarmed Combat
 43814 | Zot:4    | Reached skill level 5 in Dodging
 43967 | Zot:4    | Reached skill level 6 in Dodging
 43982 | Zot:4    | Received a gift from Lugonu
 44135 | Zot:4    | Received a gift from Lugonu
 44160 | Zot:5    | Entered Level 5 of the Realm of Zot
 44181 | Zot:5    | Noticed a golden dragon
 44192 | Zot:5    | Killed a golden dragon
 44193 | Zot:5    | Reached skill level 7 in Dodging
 45158 | Zot:5    | Reached skill level 22 in Fighting
 45167 | Zot:5    | Reached skill level 8 in Dodging
 45275 | Zot:5    | Noticed a Killer Klown
 45289 | Zot:5    | Killed a Killer Klown
 45303 | Zot:5    | Noticed an ancient lich
 45315 | Zot:5    | Noticed an orb of fire
 45324 | Zot:5    | Killed an ancient lich
 45325 | Zot:5    | Reached XP level 25. HP: 238/238 MP: 31/31
 45333 | Zot:5    | Gained mutation: Armour fits poorly on your strangely
                  | shaped body. [an orb of fire]
 45335 | Zot:5    | Gained mutation: You have a pair of small horns on your
                  | head. [an orb of fire]
 45336 | Zot:5    | Killed an orb of fire
 45336 | Zot:5    | Received a gift from Lugonu
 45337 | Zot:5    | Reached skill level 9 in Dodging
 45337 | Zot:5    | Reached skill level 21 in Unarmed Combat
 45398 | Zot:5    | Noticed an ancient lich
 45400 | Zot:5    | Killed an ancient lich
 45401 | Zot:5    | Reached skill level 10 in Dodging
 45421 | Zot:5    | Lost mutation: Armour fits poorly on your strangely shaped
                  | body. [potion of mutation]
 45421 | Zot:5    | Lost mutation: You have a pair of small horns on your head.
                  | [potion of mutation]
 45421 | Zot:5    | Gained mutation: You have large cloven feet. [potion of
                  | mutation]
 45421 | Zot:5    | Gained mutation: Your natural rate of healing is unusually
                  | fast. [potion of mutation]
 45427 | Zot:5    | Noticed an orb of fire
 45427 | Zot:5    | Gained mutation: Your magical capacity is low. (-10% MP)
                  | [an orb of fire]
 45431 | Zot:5    | Gained mutation: You are dopey. (Int -2) [an orb of fire]
 45432 | Zot:5    | Gained mutation: Your body sometimes deteriorates upon
                  | taking damage. [an orb of fire]
 45433 | Zot:5    | Killed an orb of fire
 45441 | Zot:5    | Noticed a Killer Klown
 45470 | Zot:5    | Noticed an ancient lich
 45472 | Zot:5    | Killed an ancient lich
 45485 | Zot:5    | Received a gift from Lugonu
 45507 | Zot:5    | Killed a Killer Klown
 45522 | Zot:5    | Noticed an orb of fire
 45559 | Zot:5    | Got the Orb of Zot
 45859 | Depths:5 | Noticed Vynyidogh the pandemonium lord
 45867 | Depths:5 | Killed Vynyidogh the pandemonium lord
 45868 | Depths:5 | Reached skill level 16 in Armour
 46217 | D:$      | Escaped with the Orb!

Skill      XL: |  1  2  3  4  5  6  7  8  9 10 11 12 13 14 15 16 17 18 19 20 21 22 23 24 25 |
---------------+----------------------------------------------------------------------------+-----
Fighting       | 4 5 6 7 8 9 10 12 13 14 15 16 18 19 20 22 | 22.0
Unarmed Combat | 3 4 5 6 7 8 9 11 12 13 14 15 17 18 19 20 21 | 21.0
Throwing       | 2 3 4 5 6 9 10 11 15 16 | 16.0
Armour         | 2 3 4 5 6 7 9 10 13 14 15 16 | 16.0
Evocations     | 1 3 4 5 7 11 | 11.0
Invocations    | 3 5 8 10 | 10.0
Dodging        | 4 8 10 | 10.0
Shields        | 2 8 10 11 12 14 15 | 15.9

Action                   |  1- 3 |  4- 6 |  7- 9 | 10-12 | 13-15 | 16-18 | 19-21 | 22-24 | 25-27 || total
-------------------------+-------+-------+-------+-------+-------+-------+-------+-------+-------++-------
Melee: Unarmed           |   140 |   157 |   174 |   524 |   881 |   833 |   999 |   620 |    71 ||  4399
       Punch             |     1 |     1 |     5 |    28 |    21 |       |       |       |       ||    56
       Headbutt          |       |       |       |       |       |       |       |       |     2 ||     2
Throw: Stone             |       |     5 |       |       |       |       |       |       |       ||     5
       Javelin           |       |     7 |     3 |    13 |   150 |   208 |   288 |   333 |    52 ||  1054
       Tomahawk          |       |     5 |    42 |   119 |   139 |   411 |   174 |   254 |       ||  1144
Invok: Depart the Abyss  |     1 |       |       |       |       |       |       |       |       ||     1
       Bend Space        |       |       |     2 |     2 |     7 |     3 |     2 |       |       ||    16
       Corrupt           |       |       |       |       |       |       |     1 |       |       ||     1
 Abil: Hop               |       |       |     2 |     1 |     1 |       |       |     1 |       ||     5
       Evoke Flight      |       |       |       |       |       |     1 |       |       |       ||     1
       Evoke Invisibilit |       |       |       |       |       |       |       |     9 |       ||     9
Evoke: Wand              |       |       |     4 |    17 |    10 |    15 |    10 |    15 |     2 ||    73
       Sack of spiders   |       |       |       |       |     1 |       |     1 |       |       ||     2
       Lamp of fire      |       |       |       |       |       |       |       |     2 |       ||     2
       Phial of floods   |       |       |       |       |       |       |       |     1 |       ||     1
  Use: Scroll            |       |     4 |     5 |    12 |    10 |     5 |    10 |     2 |     1 ||    49
       Potion            |       |       |       |     1 |       |       |     2 |     3 |     6 ||    12
 Stab: Distracted        |       |       |       |     1 |       |       |       |       |       ||     1
       Confused          |       |       |       |       |       |     1 |       |       |       ||     1
       Invisible         |       |       |       |       |       |       |       |    11 |       ||    11
  Eat: Chunk             |     2 |    10 |    15 |    31 |    46 |    53 |    46 |    52 |     1 ||   256
       Ration            |       |       |       |     1 |     2 |     4 |     6 |     4 |     2 ||    19
Armor: Ring mail         |    23 |       |       |       |       |       |       |       |       ||    23
       Chain mail        |     1 |    54 |    66 |   128 |   164 |       |       |       |       ||   413
       Scale mail        |       |       |       |   138 |       |       |       |       |       ||   138
       Crystal plate arm |       |       |       |       |   192 |   484 |       |       |       ||   676
       Gold dragon scale |       |       |       |       |       |    37 |   429 |   257 |    10 ||   733
Dodge: Dodged            |    53 |    38 |    80 |   287 |   245 |   135 |   101 |    34 |     3 ||   976
Block: Medium shield     |       |       |       |       |   264 |   927 |   519 |       |       ||  1710
       Reflection        |       |       |       |       |    37 |   101 |   117 |    51 |       ||   306
       Large shield      |       |       |       |       |       |       |   601 |   713 |    47 ||  1361

Levels and vault maps discovered:
D:1:      lemuel_arrival_river_bridge, layout_basic, minmay_pentomino_s4
D:2:      layout_loops_ring, old_standard_altar, first_ration, serial_forest,
          infiniplex_forest_lined_2, infiniplex_forest_side_room,
          infiniplex_forest_corner_1, infiniplex_forest_split,
          infiniplex_forest_end_1, infiniplex_forest_clump_tiny,
          minmay_gold_behind_fungi, minivault_27, uniq_robin
D:3:      layout_loops_ring, zin_statuary, grunt_dithmenos_smoke_and_mirrors
D:4:      layout_rooms, minmay_temple_entry_hall, serial_shops, shop, shop,
          nicolae_shop_stone, nicolae_shop_overgrown_old_shop, shop_fountains,
          minmay_ruptured
D:5:      layout_basic, serial_shops, shop, shop, shop_fountains, shop,
          nicolae_ru_awakened_eye
D:6:      layout_gridville, serial_shops, shop
D:7:      layout_layer_cave, kennysheep_mini_moat, slow_altar_1,
          chequers_big_river, chequers_serial_rivers_room_b, uniq_duvessa,
          uniq_crazy_yiuf_cottage, uniq_pikel, uniq_joseph, uniq_menkaure
D:8:      layout_rooms, david_orc_4, chequers_serial_rivers_micro_a,
          minmay_chambers_of_fives
D:9:      layout_basic, chequers_temple_overflow_statue_of_worship,
          david_lair_generic, serial_shops, nicolae_shop_behind_doors, shop
D:10:     layout_roguey
D:11:     layout_basic, skrybe_vaults_entry_preservation, enter_trove_1,
          special_room [special_room_kobold]
D:12:     grunt_enter_depths_snipers, layout_basic, serial_undead,
          serial_undead_f, serial_undead_c, serial_undead_a, serial_undead_e,
          serial_undead_f, serial_undead_d, serial_undead_f,
          grunt_decor_resistance, hangedman_little_slice_of_home
Lair:1:   beast_lair_carwin_large_3, layout_regular_city,
          infiniplex_staircase_pool
Lair:2:   layout_cave_pods, gauntlet_entry_generic, kennysheep_abandoned_house
Lair:3:   layout_regular_city, swamp_mist_pool, elwin_shoals_entry_rooms,
          st_stairs_11, uniq_fannar
Lair:4:   layout_long_grid, ebering_ghost_funeral_grove,
          cheibrodos_lair_reptile_den, lemuel_fruit_fields, grunt_megastairs_2,
          infiniplex_staircase_pool_2, minmay_lair_oklob_chamber
Lair:5:   layout_loops_ring, minivault_25, uniq_urug
Lair:6:   gammafunk_necro_jungle_book, layout_regular_city,
          portal_ice_cave_entry_animals_and_master, zaba_anthell, uniq_kirke
Swamp:1:  layout_basic_swamp, evilmike_swamp_ruin_rubble_2
Swamp:2:  layout_basic_swamp, evilmike_swamp_ruin_house_5, swamp_pool5,
          ldierk_geyser, uniq_louise
Swamp:3:  byrel_swamp_growth_death_and_undeath, layout_basic_swamp, swamp_pool5
Shoals:1: cheibrodos_shoals_oceanic_diplomacy, layout_shoals,
          lemuel_centaur_altar
Shoals:2: layout_shoals, nicolae_shoals_wave_tunnel, uniq_polyphemus
Shoals:3: shoals_end_simple, layout_shoals, uniq_aizul
Orc:      grunt_orc_cross, layout_caves, dpeg_slime_entry_enclosed_altar,
          gammafunk_ghost_grave, nicolae_orc_damp_corner
Vaults:1: ontoclasm_vaults_claustrophobia, hangedman_vaults_stagger,
          minmay_crypt_entry_simple_plaza, nicolae_vaults_shelves_hall,
          nicolae_vaults_quadrants, serial_ice_b, vaults_standard_mumra_x,
          vaults_mumra_minichess, v_misc_22, v_misc_18, vaults_room_fours,
          vaults_room_corners, vaults_dpeg_ring, layout_vaults_omnicross,
          serial_shops, shop, uniq_donald
Vaults:2: hangedman_vaults_unwind, v_alt_pattern_5, ontoclasm_vaults_shuriken,
          hangedman_vaults_variations, grunt_vaults_swirl,
          vaults_standard_mumra_enter_the_diamond, v_misc_17,
          vaults_room_fancy_cross, serial_ice_b, hangedman_vaults_slither,
          vaults_dpeg_encased_lava, ontoclasm_vaults_ring_small,
          hangedman_vaults_corner_blocks, v_misc_8, vaults_room_grid,
          layout_vaults_omnibox, serial_shops, bzr_entry_lakeside
Depths:1: layout_big_octagon, hangedman_abyss_entry_splay, serial_shops,
          nicolae_shop_competitors_out_of_business, lightli_too_deep,
          chequers_serial_rivers_small_3, serial_sigils_hangedman_gnaw,
          nicolae_concentric_dashed_squares_mild, grunt_ministairs_7,
          minmay_evil_grid, uniq_mara
Depths:2: minmay_octagon_city, layout_gridlike, hellmouth_1,
          kennysheep_nondescript, uniq_xtahua
Depths:3: kennysheep_green_arena, layout_cave_shapes, pan_entry, hell_entry,
          solitary_fountain, minivault_16, infiniplex_staircase_diamond,
          uniq_asterion
Depths:4: minmay_box_of_statues, layout_long_grid, abyss_entry, pan_entry,
          amcnicky_mini_rare_corridor_liquid, gammafunk_ghost_grave,
          serial_shops, bzr_entry_dummy, hangedman_coc_ice_floe,
          infiniplex_staircase_star, grunt_megastairs_5, serial_bayou_shore_b,
          uniq_enchantress
Depths:5: evilmike_zot_entry_argh, layout_cave_pools, enter_ziggurat_c,
          hell_entry, nemelex_xobeh_ov_fountains_minmay, grunt_megastairs_1,
          kennysheep_random_hallway, serial_bayou_shore_b, serial_bayou_shore_b
Zot:1:    layout_misc_corridors, regret_index_zotdec_barnacled_simple,
          grunt_megastairs_4
Zot:2:    circus_mu, layout_cathedral_of_symmetry, hangedman_swamp_dais
Zot:3:    layout_gridlike, regret_index_zotdec_gossamer_gf, grunt_ministairs_6,
          regret_index_zotdec_serpentine_scales, evilmike_ambush
          [evilmike_ambush_outer_basic, evilmike_ambush_inner_basic],
          uniq_tiamat
Zot:4:    lemuel_halls_of_wrath, layout_gridlike
Zot:5:    layout_basic

Table legend:
 A = Turns spent in this place as a percentage of turns spent in the entire game.
 B = Non-inter-level travel turns spent in this place as a percentage of non-inter-level travel turns spent in the entire game.
 C = Inter-level travel turns spent in this place as a percentage of turns spent in this place.
 D = Turns resting spent in this place as a percentage of non-inter-level travel turns spent in this place.
 E = Turns spent auto-exploring this place as a percentage of non-inter-level travel turns spent in this place.
 F = Non-inter-level travel turns spent in this place divided by the number of levels of this place that you've seen.
                   A       B       C       D       E      F
               +-------+-------+-------+-------+-------+----------------------
         Total | 100.0 | 100.0 |  14.2 |   9.1 |  60.7 | 844.1
       Dungeon |  37.1 |  31.4 |  27.2 |   6.6 |  69.7 | 1038.8
          Lair |  14.5 |  15.5 |   8.2 |   4.1 |  66.0 | 1022.5
         Swamp |   6.8 |   7.2 |   9.6 |   4.5 |  63.7 | 953.3
        Shoals |   7.2 |   7.8 |   6.4 |   4.4 |  65.9 | 1033.3
  Orcish Mines |   2.1 |   2.3 |   3.0 |   8.3 |  66.2 | 928.0
        Vaults |   7.4 |   8.1 |   6.5 |   0.7 |  70.5 | 1610.0
        Depths |  11.1 |  12.1 |   6.7 |  12.9 |  54.0 | 959.6
           Zot |   7.2 |   7.9 |   6.4 |  37.9 |  26.4 | 626.6
         Abyss |   2.9 |   3.4 |   0.0 |   5.4 |  33.2 | 269.2
        Bazaar |   0.5 |   0.6 |   0.0 |   0.0 |  47.5 | 111.5
         Trove |   0.1 |   0.1 |   0.0 |   0.0 |  14.0 |  50.0
      Ice Cave |   1.4 |   1.7 |   0.0 |  30.1 |  40.3 | 668.0
      Gauntlet |   1.6 |   1.9 |   0.0 |  11.0 |  44.0 | 747.0
               +-------+-------+-------+-------+-------+----------------------

Table legend:
 A = Kills in this place as a percentage of kills in entire the game.
 B = Kills by you in this place as a percentage of kills by you in the entire game.
 C = Kills by friends in this place as a percentage of kills by friends in the entire game.
 D = Other kills in this place as a percentage of other kills in the entire game.
 E = Experience gained in this place as a percentage of experience gained in the entire game.
 F = Experience gained in this place divided by the number of levels of this place that you have seen.
                   A       B       C       D       E      F
               +-------+-------+-------+-------+-------+----------------------
         Total | 100.0 | 100.0 | 100.0 | 100.0 | 100.0 | 22670.8
       Dungeon |  24.4 |  24.8 |   0.0 |  14.0 |   5.1 | 4503.3
          Lair |  15.2 |  15.5 | 100.0 |   1.8 |   7.2 | 12856.3
         Swamp |   7.8 |   8.0 |   0.0 |   3.5 |   8.8 | 31333.7
        Shoals |   8.4 |   8.1 |   0.0 |  15.8 |   7.4 | 26397.3
  Orcish Mines |   4.4 |   4.6 |   0.0 |   0.0 |   1.1 | 11492.0
        Vaults |   8.4 |   8.2 |   0.0 |  15.8 |   9.6 | 51289.0
        Depths |  13.8 |  12.7 |   0.0 |  45.6 |  31.3 | 66642.2
           Zot |   7.6 |   7.8 |   0.0 |   1.8 |  23.8 | 50679.4
         Abyss |   6.2 |   6.3 |   0.0 |   1.8 |   4.7 | 9942.2
      Ice Cave |   3.1 |   3.2 |   0.0 |   0.0 |   0.6 | 6418.0
      Gauntlet |   0.7 |   0.7 |   0.0 |   0.0 |   0.4 | 4350.0
               +-------+-------+-------+-------+-------+----------------------
